TOP OF THE 1ST |
Bloomington Longnecks batting - Pitching for Calgary Lynx : RHP Greg Fontenot
|
Pitching: RHP Greg Fontenot
|
|
Batting: LHB Henk van Aardschot
|
0-0: Ball 1-0: Called Strike 1-1: Ball 2-1: Foul Ball, location: 2F 2-2: Foul Ball, location: 2F 2-2: Strikes out swinging, 2-3 out at first.
|
Batting: RHB Bastiaan Pieterse
|
0-0: Foul Ball, location: 2F 0-1: Foul Ball, location: 2F 0-2: Foul Ball, location: 2F 0-2: Ball 1-2: Foul Ball, location: 2F 1-2: Strikes out swinging
|
Batting: SHB Benedict Patel
|
0-0: SINGLE (Flyball, 89S)
|
Batting: RHB Miguel Elías
|
0-0: Called Strike 0-1: Ball 1-1: Ball 2-1: Ball 3-1: Ground out 4-3 (Groundball, 4)
|
Top of the 1st over - 0 runs, 1 hit, 0 errors, 1 left on base; Bloomington 0 - Calgary 0 |
BOTTOM OF THE 1ST |
Calgary Lynx batting - Pitching for Bloomington Longnecks : RHP Tony DeWitt
|
Pitching: RHP Tony DeWitt
|
|
Batting: RHB Dhyana Snigdha
|
0-0: Ball 1-0: Ground out 6-3 (Groundball, 6)
|
Batting: RHB Jing-sheng Joo
|
0-0: Foul Ball, location: 2F 0-1: Foul Ball, location: 2F 0-2: Strikes out looking
|
Batting: LHB Michael Ward
|
0-0: Called Strike 0-1: Ball 1-1: Ball 2-1: Ball 3-1: Ground out 4-3 (Groundball, 4)
|
Bottom of the 1st over - 0 runs, 0 hits, 0 errors, 0 left on base; Bloomington 0 - Calgary 0 |
TOP OF THE 2ND |
Bloomington Longnecks batting - Pitching for Calgary Lynx : RHP Greg Fontenot
|
Batting: RHB Sébastien Bernard
|
0-0: Ground out 6-3 (Groundball, 6)
|
Batting: RHB Fletcher Megarity
|
0-0: Ball 1-0: Foul Ball, location: 2F 1-1: Ball 2-1: Foul Ball, location: 2F 2-2: Ball 3-2: Base on Balls
|
Batting: RHB Lev Migranov
|
0-0: Ball 1-0: Ball 2-0: Swinging Strike 2-1: Called Strike 2-2: Fly out, F9 (Flyball, 9LS)
|
Batting: RHB Eun-bum Kim
|
0-0: Fly out, F9 (Line Drive, 9)
|
Top of the 2nd over - 0 runs, 0 hits, 0 errors, 1 left on base; Bloomington 0 - Calgary 0 |
BOTTOM OF THE 2ND |
Calgary Lynx batting - Pitching for Bloomington Longnecks : RHP Tony DeWitt
|
Batting: LHB Daniel García
|
0-0: Fly out, F9 (Flyball, 9S)
|
Batting: RHB Alberto Salas
|
0-0: Called Strike 0-1: Called Strike 0-2: Fly out, F5 (Line Drive, 56)
|
Batting: RHB José de la Cavallería
|
0-0: Ball 1-0: Foul Ball, location: 2F 1-1: Fly out, F7 (Flyball, 7)
|
Bottom of the 2nd over - 0 runs, 0 hits, 0 errors, 0 left on base; Bloomington 0 - Calgary 0 |
TOP OF THE 3RD |
Bloomington Longnecks batting - Pitching for Calgary Lynx : RHP Greg Fontenot
|
Batting: RHB Pacu Martic
|
0-0: Called Strike 0-1: Ground out 6-3 (Groundball, 6)
|
Batting: LHB Henk van Aardschot
|
0-0: Ball 1-0: Called Strike 1-1: Foul Ball, location: 2F 1-2: Strikes out swinging
|
Batting: RHB Bastiaan Pieterse
|
0-0: Called Strike 0-1: DOUBLE (Line Drive, 7LM)
|
Batting: SHB Benedict Patel
|
0-0: Called Strike 0-1: Swinging Strike 0-2: Ball 1-2: Ball 2-2: Strikes out swinging
|
Top of the 3rd over - 0 runs, 1 hit, 0 errors, 1 left on base; Bloomington 0 - Calgary 0 |
BOTTOM OF THE 3RD |
Calgary Lynx batting - Pitching for Bloomington Longnecks : RHP Tony DeWitt
|
Batting: RHB Júlio Vargas
|
0-0: Foul Ball, location: 2F 0-1: Called Strike 0-2: Ball 1-2: Ball 2-2: Strikes out swinging
|
Batting: RHB Luis Delvalle
|
0-0: Ball 1-0: Called Strike 1-1: Ball 2-1: SINGLE (Groundball, 4MD)
|
Batting: RHB Rubén Medina
|
0-0: Ball 1-0: Foul Ball, location: 2F 1-1: Ball 2-1: Ball 3-1: Swinging Strike 3-2: Fly out, F9 (Line Drive, 89M)
|
Batting: RHB Dhyana Snigdha
|
0-0: Swinging Strike 0-1: Ball 1-1: Called Strike 1-2: DOUBLE (Line Drive, 89XD) Luis Delvalle to third Runner from 3rd tries for Home, SAFE, throw made at trailing runner, OUT at third!
|
Bottom of the 3rd over - 1 run, 2 hits, 0 errors, 0 left on base; Bloomington 0 - Calgary 1 |
TOP OF THE 4TH |
Bloomington Longnecks batting - Pitching for Calgary Lynx : RHP Greg Fontenot
|
Batting: RHB Miguel Elías
|
0-0: Called Strike 0-1: Ball 1-1: Called Strike 1-2: Ball 2-2: Strikes out looking
|
Batting: RHB Sébastien Bernard
|
0-0: Called Strike 0-1: SINGLE (Groundball, 56D)
|
Batting: RHB Fletcher Megarity
|
0-0: Ball Sébastien Bernard is caught stealing 2nd base 1-0: Ground out 6-3 (Groundball, 6)
|
Top of the 4th over - 0 runs, 1 hit, 0 errors, 0 left on base; Bloomington 0 - Calgary 1 |
BOTTOM OF THE 4TH |
Calgary Lynx batting - Pitching for Bloomington Longnecks : RHP Tony DeWitt
|
Batting: RHB Jing-sheng Joo
|
0-0: Called Strike 0-1: Ball 1-1: Ground out 6-3 (Groundball, 6)
|
Batting: LHB Michael Ward
|
0-0: Called Strike 0-1: SINGLE (Line Drive, 89S)
|
Batting: LHB Daniel García
|
0-0: Called Strike 0-1: Ball 1-1: Ground out U3 (Groundball, 34S) Michael Ward to second
|
Batting: RHB Alberto Salas
|
0-0: Swinging Strike 0-1: Ball 1-1: Foul Ball, location: 2F 1-2: Ball 2-2: Foul Ball, location: 2F 2-2: SINGLE (Groundball, 6MD) Michael Ward to third Runner from 3rd tries for Home, SAFE, no throw
|
Batting: RHB José de la Cavallería
|
0-0: Ball 1-0: Ball 2-0: Foul Ball, location: 2F 2-1: Foul Ball, location: 2F 2-2: Foul Ball, location: 2F 2-2: Fly out, F7 (Flyball, 7)
|
Bottom of the 4th over - 1 run, 2 hits, 0 errors, 1 left on base; Bloomington 0 - Calgary 2 |
TOP OF THE 5TH |
Bloomington Longnecks batting - Pitching for Calgary Lynx : RHP Greg Fontenot
|
Batting: RHB Lev Migranov
|
0-0: Ball 1-0: Ball 2-0: Foul Ball, location: 2F 2-1: Ball 3-1: Called Strike 3-2: Foul Ball, location: 2F 3-2: Strikes out swinging
|
Batting: RHB Eun-bum Kim
|
0-0: Swinging Strike 0-1: Ball 1-1: Swinging Strike 1-2: Foul Ball, location: 2F 1-2: Ball 2-2: Foul Ball, location: 2F 2-2: Strikes out swinging
|
Batting: RHB Pacu Martic
|
0-0: Ball 1-0: Ball 2-0: Ball 3-0: Foul Ball, location: 2F 3-1: Base on Balls
|
Batting: LHB Henk van Aardschot
|
0-0: Called Strike 0-1: Ball 1-1: Called Strike 1-2: Ball 2-2: Ball 3-2: Foul Ball, location: 2F 3-2: Strikes out looking
|
Top of the 5th over - 0 runs, 0 hits, 0 errors, 1 left on base; Bloomington 0 - Calgary 2 |
BOTTOM OF THE 5TH |
Calgary Lynx batting - Pitching for Bloomington Longnecks : RHP Tony DeWitt
|
Batting: RHB Júlio Vargas
|
0-0: Foul Ball, location: 2F 0-1: Ball 1-1: Ball 2-1: SINGLE (Groundball, 34D)
|
Batting: RHB Luis Delvalle
|
0-0: Foul Ball, location: 2F 0-1: Fly out, F9 (Flyball, 9S)
|
Batting: RHB Rubén Medina
|
0-0: Foul Ball, location: 2F 0-1: Ball 1-1: Ball 2-1: Ball 3-1: Called Strike 3-2: Fly out, F6 (Line Drive, 6)
|
Batting: RHB Dhyana Snigdha
|
0-0: Called Strike 0-1: Fly out, F6 (Popup, 6MS)
|
Bottom of the 5th over - 0 runs, 1 hit, 0 errors, 1 left on base; Bloomington 0 - Calgary 2 |
TOP OF THE 6TH |
Bloomington Longnecks batting - Pitching for Calgary Lynx : RHP Greg Fontenot
|
Batting: RHB Bastiaan Pieterse
|
0-0: Ball 1-0: Ball 2-0: Ball 3-0: Base on Balls
|
Batting: SHB Benedict Patel
|
0-0: Called Strike 0-1: Foul Ball, location: 2F 0-2: Ball 1-2: Ball 2-2: Foul Ball, location: 2F 2-2: Strikes out swinging
|
Batting: RHB Miguel Elías
|
0-0: Ball 1-0: Ball 2-0: Ball 3-0: Called Strike 3-1: Called Strike 3-2: Base on Balls Bastiaan Pieterse to second
|
Batting: RHB Sébastien Bernard
|
0-0: Called Strike 0-1: Ball 1-1: Ball 2-1: Ball 3-1: Swinging Strike 3-2: Strikes out swinging
|
Pitching: LHP Felipe Machado
|
|
Batting: RHB Fletcher Megarity
|
0-0: Called Strike 0-1: Ball 1-1: Swinging Strike 1-2: Ball 2-2: Strikes out looking
|
Top of the 6th over - 0 runs, 0 hits, 0 errors, 2 left on base; Bloomington 0 - Calgary 2 |
BOTTOM OF THE 6TH |
Calgary Lynx batting - Pitching for Bloomington Longnecks : RHP Tony DeWitt
|
Batting: RHB Jing-sheng Joo
|
0-0: Called Strike 0-1: Ball 1-1: Foul Ball, location: 2F 1-2: Ball 2-2: Ball 3-2: Fly out, F9 (Flyball, 9LM)
|
Batting: LHB Michael Ward
|
0-0: Ball 1-0: Fly out, F9 (Flyball, 89S)
|
Batting: LHB Daniel García
|
0-0: Ball 1-0: Ball 2-0: Called Strike 2-1: Foul Ball, location: 2F 2-2: Foul Ball, location: 2F 2-2: Ball 3-2: Foul Ball, location: 2F 3-2: Foul Ball, location: 2F 3-2: Foul Ball, location: 2F 3-2: Foul Ball, location: 2F 3-2: Strikes out looking
|
Bottom of the 6th over - 0 runs, 0 hits, 0 errors, 0 left on base; Bloomington 0 - Calgary 2 |
TOP OF THE 7TH |
Bloomington Longnecks batting - Pitching for Calgary Lynx : LHP Felipe Machado
|
Batting: RHB Lev Migranov
|
0-0: Ground out 5-3 (Groundball, 25)
|
Batting: RHB Eun-bum Kim
|
0-0: Ball 1-0: Ball 2-0: Swinging Strike 2-1: Foul Ball, location: 2F 2-2: Ball 3-2: Ground out 4-3 (Groundball, 4)
|
Batting: RHB Pacu Martic
|
0-0: Called Strike 0-1: Ground out 1-3 (Groundball, P)
|
Top of the 7th over - 0 runs, 0 hits, 0 errors, 0 left on base; Bloomington 0 - Calgary 2 |
BOTTOM OF THE 7TH |
Calgary Lynx batting - Pitching for Bloomington Longnecks : RHP Tony DeWitt
|
Batting: RHB Alberto Salas
|
0-0: Called Strike 0-1: Foul Ball, location: 2F 0-2: SINGLE (Groundball, 6D)
|
Pitching: RHP Pedro Lara
|
|
Batting: RHB José de la Cavallería
|
0-0: Sac Bunt - play at second, runner OUT! 2-6
|
Batting: RHB Júlio Vargas
|
0-0: Called Strike 0-1: Called Strike 0-2: Ball 1-2: Foul Ball, location: 2F 1-2: Foul Ball, location: 2F 1-2: Strikes out swinging
|
Pitching: RHP Dermot Eridge
|
|
Batting: RHB Luis Delvalle
|
0-0: Foul Ball, location: 2F 0-1: Ball 1-1: Foul Ball, location: 2F 1-2: Fielders Choice at 2nd, 5-4 (Groundball, 56)
|
Bottom of the 7th over - 0 runs, 1 hit, 0 errors, 1 left on base; Bloomington 0 - Calgary 2 |
TOP OF THE 8TH |
Bloomington Longnecks batting - Pitching for Calgary Lynx : RHP Jiong Bao
|
Pitching: RHP Jiong Bao
|
|
Batting: LHB Henk van Aardschot
|
0-0: Called Strike 0-1: Ball 1-1: Ground out 5-3 (Groundball, 56)
|
Batting: RHB Bastiaan Pieterse
|
0-0: Foul Ball, location: 2F 0-1: Ground out 6-3 (Groundball, 6)
|
Batting: SHB Benedict Patel
|
0-0: Ball 1-0: Swinging Strike 1-1: Foul Ball, location: 2F 1-2: Foul Ball, location: 2F 1-2: Ball 2-2: Foul Ball, location: 2F 2-2: Foul Ball, location: 2F 2-2: Ball 3-2: SINGLE (Groundball, 4D)
|
Batting: RHB Miguel Elías
|
0-0: Ball 1-0: Ball 2-0: Called Strike 2-1: Foul Ball, location: 2F 2-2: Ball 3-2: Fly out, F6 (Line Drive, 6M)
|
Top of the 8th over - 0 runs, 1 hit, 0 errors, 1 left on base; Bloomington 0 - Calgary 2 |
BOTTOM OF THE 8TH |
Calgary Lynx batting - Pitching for Bloomington Longnecks : RHP Dermot Eridge
|
Batting: RHB Rubén Medina
|
0-0: Ground out 5-3 (Groundball, 56)
|
Batting: RHB Dhyana Snigdha
|
0-0: Ball 1-0: Fly out, F4 (Popup, 4)
|
Batting: RHB Jing-sheng Joo
|
0-0: SINGLE (Groundball, 56D)
|
Batting: LHB Michael Ward
|
0-0: Foul Ball, location: 2F 0-1: Foul Ball, location: 2F 0-2: Ball 1-2: Ground out 4-3 (Groundball, 4)
|
Bottom of the 8th over - 0 runs, 1 hit, 0 errors, 1 left on base; Bloomington 0 - Calgary 2 |
TOP OF THE 9TH |
Bloomington Longnecks batting - Pitching for Calgary Lynx : RHP Jiong Bao
|
Batting: RHB Sébastien Bernard
|
0-0: Ball 1-0: Called Strike 1-1: Ball 2-1: Swinging Strike 2-2: Strikes out swinging
|
Batting: RHB Fletcher Megarity
|
0-0: Called Strike 0-1: Fly out, F4 (Line Drive, 4)
|
Batting: RHB Lev Migranov
|
0-0: Ball 1-0: Called Strike 1-1: Foul Ball, location: 2F 1-2: Ball 2-2: Fly out, F8 (Flyball, 78D)
|
Top of the 9th over - 0 runs, 0 hits, 0 errors, 0 left on base; Bloomington 0 - Calgary 2 |
|